Map: Turbo Cruise '84 LE

Players

pHARM

  • Race: Zerg Zerg
  • League: Platinum
  • Spawn Location: 7:00

FReAky - Winner!

  • Race: Terran Terran
  • League: Platinum
  • Spawn Location: 3:00

VOD

Have the link to the VOD?

Description

Time

  • Played on: Aug. 8, 2019, 2:47 a.m.
  • Length: 27:01
Show
View Real Time Build Order
Export as new Build Order

pHARM Zerg 

Build Orders: Hatch First 

Get SALT Encoding   

  12  0:01  Drone  
  13  0:15  Overlord  
  13  0:17  Drone  
  14  0:33  Drone x2  
  16  0:44  Drone  
  17  0:54  Hatchery  
  16  1:00  Drone x2  
  18  1:13  Drone  
  18  1:18  Spawning Pool  
  18  1:30  Drone  
  19  1:50  Drone x2  
  21  1:55  Extractor  
  20  2:06  Queen  
  22  2:10  Spine Crawler  
  21  2:20  Drone x5  
  26  2:35  Drone x2  
  27  3:01  Drone  
  27  3:02  Overlord x2  
  28  3:19  Queen  
  28  3:22  Drone x5  
  35  3:35  Drone x3  
  38  3:50  Drone x2, Queen  
  42  3:56  Lair  
  42  4:04  Evolution Chamber  
  42  4:05  Baneling Nest  
  40  4:15  Drone x4  
  44  4:17  Overlord x2  
  44  4:27  Extractor  
  44  4:29  Extractor  
  44  4:30  Metabolic Boost  
  42  4:49  Roach Warren  
  41  5:07  Hydralisk Den  
  41  5:12  Drone  
  41  5:13  Drone x13  
  54  5:16  Zerg Missile Weapons Level 1  
  54  5:42  Roach x2  
  60  5:43  Overlord x3, Roach  
  60  5:44  Hatchery  
  59  5:54  Spore Crawler  
  58  6:03  Spore Crawler  
  57  6:16  Roach x8  
  73  6:25  Glial Reconstitution  
  73  6:52  Hatchery  
  72  6:55  Grooved Spines, Extractor  
  72  7:00  Roach x6  
  83  7:11  Zerg Ground Armor Level 1  
  83  7:40  Overlord x3  
  79  7:57  Drone x2  
  76  8:04  Roach x8  
  91  8:17  Muscular Augments  
  91  8:43  Roach  
  91  8:44  Roach x3  
  91  8:46  Hatchery  
  50  9:26  Zerg Missile Weapons Level 2  
  50  9:34  Drone x6  
  56  9:46  Drone x2  
  58  9:54  Hatchery  
  58  9:57  Hatchery  
  56  10:06  Drone  
  56  10:07  Drone x4  
  61  10:10  Drone x4  
  59  10:28  Zergling x2  
  59  10:29  Zergling x14  
  67  10:36  Baneling Nest  
  67  10:37  Centrifical Hooks  
  67  10:42  Zergling x12  
  73  10:50  Baneling  
  73  10:51  Baneling x15  
  73  10:54  Hydralisk x2  
  73  10:55  Hydralisk x4  
  85  11:18  Zergling x22  
  88  11:42  Zerg Melee Weapons Level 1  
  61  11:59  Zergling x8  
  61  12:00  Zergling x38  
  72  12:09  Zergling x8  
  76  12:18  Baneling x15  
  76  12:19  Baneling x5  
  35  13:24  Spire  
  34  13:47  Hatchery  
  33  13:59  Hydralisk  
  33  14:00  Hydralisk x24  
  33  14:01  Hydralisk x2  
  87  14:44  Spawning Pool  
  62  15:02  Drone x11  
  62  15:03  Drone x14  
  87  15:17  Infestation Pit  
  86  15:33  Zergling x2  
  86  15:34  Zergling x14  
  94  15:47  Extractor  
  94  15:48  Extractor  
  92  15:55  Baneling x10  
  92  15:56  Baneling x4  
  92  16:02  Hatchery  
  91  16:21  Drone  
  91  16:22  Drone x2  
  91  16:25  Overlord x3  
  94  16:26  Spine Crawler x2  
  94  16:32  Spine Crawler  
  91  16:40  Hive  
  91  16:43  Overseer  
  91  16:55  Overlord x3  
  91  17:12  Drone x15  
  106  17:24  Spine Crawler  
  106  17:25  Spine Crawler  
  106  17:26  Spore Crawler  
  106  17:28  Spine Crawler  
  102  17:42  Extractor  
  101  17:44  Extractor  
  101  17:46  Drone x2  
  101  17:47  Drone x4  
  101  17:48  Drone x3  
  109  17:59  Zerg Melee Weapons Level 2  
  109  18:04  Greater Spire  
  109  18:34  Zergling x36  
  112  18:35  Zergling x24  
  141  18:41  Spine Crawler  
  112  19:13  Drone x13  
  112  19:14  Drone x5  
  126  20:18  Hatchery  
  84  21:09  Corruptor x14  
  46  21:42  Brood Lord x2  
  46  21:44  Overseer x2  
  50  21:55  Drone  
  50  21:57  Drone  
  50  22:09  Baneling x2  
  49  22:46  Drone x9  
  58  23:19  Drone x2  
  66  23:20  Drone x8  
  68  23:41  Brood Lord  
  70  23:45  Spore Crawler, Extractor x2  
  70  23:46  Spine Crawler  
  52  24:43  Zergling x34  
  52  24:44  Zergling x6  
  41  25:57  Zergling x16  
  41  25:58  Zergling x10  
Show
View Real Time Build Order
Export as new Build Order

FReAky Terran - Winner!

Build Orders: Reaper Expand, Hellion Banshee 

Get SALT Encoding   

  12  0:01  SCV  
  13  0:13  SCV  
  14  0:18  Supply Depot  
  14  0:25  SCV  
  15  0:39  SCV  
  15  0:41  Barracks  
  16  0:46  Refinery  
  16  0:51  SCV  
  17  1:03  SCV  
  18  1:15  SCV  
  19  1:31  Reaper, Orbital Command  
  19  1:32  Bunker  
  20  1:54  Command Center  
  20  1:59  SCV  
  21  2:21  Supply Depot  
  21  2:23  Marine  
  21  2:25  Factory  
  22  2:35  SCV  
  23  2:54  SCV  
  23  2:55  Barracks Reactor  
  22  3:06  SCV  
  22  3:07  Orbital Command  
  22  3:11  Supply Depot  
  22  3:39  Starport  
  22  3:40  Supply Depot  
  22  3:41  Hellion  
  22  3:42  Hellion, SCV  
  22  3:43  SCV  
  22  3:44  Barracks Tech Lab  
  28  3:56  SCV x2  
  28  4:00  Refinery  
  30  4:03  Hellion x2  
  30  4:08  SCV  
  30  4:09  SCV  
  36  4:16  Barracks Tech Lab  
  36  4:20  SCV  
  36  4:21  SCV  
  36  4:23  Supply Depot  
  38  4:28  Banshee  
  38  4:31  Cloaking Field  
  41  4:33  SCV x2  
  41  4:34  Refinery  
  41  4:36  Refinery  
  41  4:37  Marine  
  44  4:39  Hellion x2  
  44  4:45  SCV x2  
  50  4:50  Stimpack  
  50  4:55  Supply Depot  
  50  5:11  SCV  
  51  5:20  Medivac  
  53  5:28  Barracks  
  53  5:29  Barracks  
  53  5:30  Barracks  
  53  5:31  Barracks  
  53  5:33  SCV x2, Barracks  
  55  5:37  Supply Depot, Factory Tech Lab  
  55  5:45  SCV  
  54  6:26  Barracks Reactor  
  54  6:27  Barracks Reactor x2  
  54  6:30  Siege Tank, Medivac  
  59  6:59  Command Center, Marine  
  60  7:01  Command Center  
  60  7:06  Siege Tank  
  61  7:09  Medivac  
  61  7:11  SCV  
  64  7:17  Marine  
  65  7:23  SCV  
  65  7:28  Marine x5  
  65  7:29  Marine  
  72  7:33  Bunker  
  72  7:35  Marine  
  66  8:02  Marine x3  
  66  8:03  Marine  
  66  8:04  Combat Shield  
  68  8:05  Medivac  
  68  8:06  Siege Tank  
  68  8:08  SCV x2  
  75  8:16  Orbital Command  
  75  8:17  Marine  
  74  8:25  Barracks  
  74  8:26  Barracks  
  74  8:27  Barracks Reactor, Barracks Tech Lab  
  74  8:28  Barracks  
  74  8:29  SCV  
  74  8:30  Barracks  
  74  8:32  SCV  
  76  8:39  Supply Depot  
  73  8:51  Marine x3  
  73  8:52  Marine x4  
  73  8:53  Siege Tank  
  65  9:09  Marine x4  
  61  9:11  Marine x3  
  61  9:13  Marine x2  
  66  9:34  Engineering Bay  
  66  9:35  Orbital Command  
  66  9:36  Engineering Bay  
  66  9:48  Barracks Tech Lab x2  
  66  9:49  Barracks Reactor  
  66  9:52  Marine  
  66  9:53  Marine x4, Marauder x2  
  66  9:57  Siege Tank  
  78  10:04  SCV, Planetary Fortress  
  79  10:10  Factory  
  79  10:13  Terran Infantry Armor Level 1, Terran Infantry Weapons Level 1  
  79  10:14  Marauder  
  79  10:15  Marauder  
  79  10:17  Armory  
  83  10:24  Medivac  
  83  10:25  Marine x3  
  83  10:26  Marine x4  
  91  10:32  SCV x2  
  91  10:33  SCV  
  91  10:35  Marine  
  95  10:36  Siege Tank  
  98  10:44  SCV  
  99  10:54  Medivac  
  101  11:05  Marine  
  101  11:06  Marine x9  
  101  11:07  Marine x4  
  115  11:12  Factory Tech Lab  
  115  11:14  Concussive Shells  
  115  11:17  Terran Vehicle Weapons Level 1  
  115  11:23  Marine x3  
  115  11:24  Marine x2  
  102  11:53  Marine  
  102  11:54  Marine x7  
  98  11:55  Marine x4, Marauder x2  
  107  12:03  Siege Tank x2  
  112  12:35  Siege Tank  
  104  12:56  Marine  
  104  12:57  Siege Tank, Marine, Marauder  
  93  13:03  Medivac  
  93  13:05  SCV x3  
  96  13:06  Refinery  
  96  13:08  SCV, Starport  
  96  13:09  Refinery  
  97  13:15  Ghost Academy x2  
  97  13:16  Ghost Academy  
  97  13:17  SCV x3, Ghost Academy  
  92  13:20  SCV  
  93  13:29  SCV x2  
  93  13:31  SCV  
  93  13:33  Medivac  
  98  13:46  Command Center  
  98  14:00  Command Center  
  98  14:06  Marine x5  
  98  14:09  Starport Tech Lab, Supply Depot  
  103  14:10  Starport Reactor  
  103  14:12  Supply Depot  
  103  14:16  Supply Depot  
  103  14:26  Siege Tank x2  
  109  14:32  Marine x7  
  109  14:36  Supply Depot  
  112  14:38  Supply Depot  
  101  15:00  Siege Tank x2  
  101  15:01  Terran Vehicle Weapons Level 2  
  101  15:02  Nuke x4, Supply Depot  
  101  15:04  Terran Infantry Weapons Level 2  
  107  15:10  Terran Infantry Armor Level 2  
  107  15:19  Orbital Command  
  107  15:26  Orbital Command  
  107  15:32  Siege Tank  
  107  15:33  Supply Depot  
  110  15:54  Orbital Command  
  110  15:59  Command Center  
  110  16:00  Command Center  
  110  16:06  Command Center  
  110  16:15  Command Center  
  110  16:17  Command Center  
  110  16:22  SCV  
  111  16:28  SCV x3  
  111  16:29  SCV x2  
  116  16:34  SCV  
  117  16:49  SCV  
  118  16:55  Refinery, Personal Cloaking  
  118  16:56  Refinery  
  118  16:57  Ghost x4  
  126  17:04  SCV x6, Armory  
  132  17:11  Orbital Command  
  132  17:16  SCV  
  133  17:24  Orbital Command  
  133  17:25  Ghost, Orbital Command  
  133  17:28  Refinery  
  133  17:29  Ghost x2  
  135  17:30  Refinery  
  135  17:32  Orbital Command x2  
  139  17:37  Refinery x2  
  138  18:14  Terran Infantry Weapons Level 3  
  138  18:15  Terran Infantry Armor Level 3, Terran Vehicle Weapons Level 3  
  138  18:16  Terran Vehicle And Ship Armor Level 1, Supply Depot  
  138  18:41  Ghost x3  
  138  18:42  Ghost  
  144  19:23  Orbital Command  
  131  20:00  Marine x4  
  131  20:01  Ghost x3, Marine x4  
  131  20:02  Marine x3  
  131  20:04  Siege Tank x2  
  152  20:18  Marine  
  152  20:19  Ghost  
  155  20:36  Siege Tank  
  143  21:33  Nuke x4  
  143  21:35  Terran Vehicle And Ship Armor Level 2  
  143  21:39  Terran Ship Weapons Level 1  
  143  21:40  Supply Depot  
  143  21:58  Barracks  
  143  21:59  Barracks  
  143  22:00  Starport  
  143  22:01  Starport  
  137  22:43  Starport Reactor x2  
  137  22:59  Viking x3, Orbital Command  
  137  23:00  Barracks Reactor x2  
  143  23:24  Nuke x2  
  143  23:26  Hi-Sec Auto Tracking, Neosteel Armor  
  143  23:28  Viking  
  145  24:05  Viking x5, Marine x2  
  145  24:06  Marine x7  
  164  24:10  Ghost x4  
  168  24:39  Ghost  
  168  24:47  Command Center  
  168  24:50  Command Center x2  
  166  24:53  Command Center  
  166  25:06  Orbital Command  
  166  25:15  Ghost Academy x3  
  166  25:17  Ghost Academy  
  166  25:18  Ghost Academy  
  166  25:24  Ghost Academy  
  166  25:26  Ghost Academy  
  166  25:29  Ghost Academy  
  152  25:59  Supply Depot  
  152  26:02  Supply Depot  
  150  26:04  Orbital Command  
  150  26:16  Orbital Command x3  
  150  26:17  Orbital Command  
Tags
 
Add a new tag
Caveats
  • Supply blocks, unpowered buildings, or Contaminate may cause inaccurate times.
  • Supply counts are checked every 10 seconds.